Map: Kairos Junction LE

Players

Subwaymaker

  • Race: Protoss Protoss
  • League: Gold
  • Spawn Location: 5:00

Mesrob - Winner!

  • Race: Protoss Protoss
  • League: Platinum
  • Spawn Location: 11:00

WalriLord

  • Race: Terran Terran

VOD

Have the link to the VOD?

Description

Time

  • Played on: Aug. 12, 2019, 7:27 p.m.
  • Length: 13:53
Show
View Real Time Build Order
Export as new Build Order

Subwaymaker Protoss 

Build Orders:  

Get SALT Encoding   

  12  0:01  Probe  
  13  0:13  Probe  
  14  0:21  Pylon  
  14  0:25  Probe  
  15  0:39  Probe  
  15  0:41  Gateway  
  16  0:51  Probe  
  16  0:56  Assimilator  
  17  1:03  Probe  
  18  1:12  Probe  
  19  1:20  Probe  
  20  1:27  Pylon  
  20  1:33  Cybernetics Core  
  20  1:34  Probe  
  20  1:39  Assimilator  
  21  1:47  Probe  
  22  1:59  Probe  
  23  2:03  Stalker, Nexus  
  23  2:11  Warp Gate  
  25  2:20  Probe  
  25  2:32  Probe  
  26  2:41  Gateway  
  26  2:44  Probe  
  26  2:46  Sentry  
  26  2:49  Pylon  
  29  2:55  Probe  
  29  3:03  Probe  
  31  3:13  Stalker, Probe  
  31  3:15  Probe  
  31  3:17  Robotics Facility  
  35  3:21  Probe  
  35  3:23  Probe  
  36  3:29  Probe  
  36  3:32  Probe  
  36  3:34  Stalker  
  40  3:39  Probe  
  41  3:44  Assimilator, Probe  
  41  3:47  Zealot  
  45  3:54  Gateway  
  45  3:56  Probe  
  45  3:57  Probe  
  45  4:01  Assimilator  
  47  4:06  Observer  
  48  4:15  Probe x2  
  50  4:20  Pylon  
  50  4:26  Shield Battery  
  50  4:30  Pylon  
  50  4:32  Pylon  
  50  4:33  Probe x2  
  52  4:41  Probe  
  52  4:42  Probe  
  52  4:44  Stalker  
  55  4:45  Stalker  
  55  4:49  Probe  
  55  4:50  Probe  
  60  5:02  Nexus  
  60  5:12  Immortal  
  64  5:29  Twilight Council  
  64  5:31  Robotics Bay  
  64  5:32  Stalker x2  
  64  5:33  Probe  
  68  5:37  Probe  
  68  5:42  Probe  
  70  5:46  Robotics Facility  
  70  5:49  Probe  
  72  5:51  Forge, Probe  
  72  5:54  Pylon  
  73  5:59  Immortal  
  73  6:01  Probe  
  78  6:05  Charge  
  78  6:09  Probe x2  
  78  6:11  Extended Thermal Lance  
  78  6:17  Probe  
  78  6:18  Probe  
  82  6:27  Probe  
  82  6:28  Pylon  
  82  6:32  Gateway  
  83  6:34  Gateway  
  83  6:36  Protoss Ground Weapons Level 1  
  83  6:37  Colossus  
  89  6:44  Probe  
  89  6:46  Colossus  
  95  6:48  Probe x2  
  95  6:52  Assimilator  
  94  6:55  Stalker  
  94  6:57  Assimilator  
  90  7:12  Photon Cannon  
  90  7:14  Shield Battery  
  90  7:16  Pylon  
  90  7:18  Stalker x2  
  90  7:23  Stalker  
  90  7:25  Stalker  
  92  7:31  Probe x3  
  91  7:40  Probe  
  91  7:41  Probe x2  
  92  7:48  Stalker, Probe  
  92  7:49  Probe x2  
  94  7:51  Colossus  
  94  7:52  Stalker  
  94  7:53  Stalker  
  94  7:57  Probe  
  94  7:58  Probe x2  
  107  8:03  Pylon  
  110  8:05  Gateway  
  110  8:07  Gateway  
  110  8:10  Probe x3  
  113  8:21  Colossus  
  113  8:22  Probe  
  120  8:29  Pylon  
  120  8:32  Shield Battery  
  120  8:34  Photon Cannon  
  120  8:38  Pylon  
  116  8:50  Templar Archives  
  116  8:54  Protoss Shields Level 1  
  112  8:56  Gateway  
  112  8:57  Gateway, Nexus  
  112  8:58  Pylon  
  112  8:59  Gateway  
  100  9:03  Gateway  
  100  9:18  Stalker x2  
  100  9:19  Stalker x2  
  100  9:23  Stalker x2  
  112  9:50  Assimilator  
  112  9:53  Assimilator, Stalker x2  
  112  9:54  Stalker x2  
  112  9:57  Pylon  
  120  10:02  Forge  
  120  10:07  Stargate  
  120  10:09  Stargate  
  120  10:10  Blink  
  120  10:13  Stargate  
  120  10:15  Protoss Ground Weapons Level 2, Stargate  
  120  10:17  Stargate  
  120  10:23  Gravitic Boosters, Psionic Storm  
  120  10:40  Colossus  
  126  10:51  Pylon  
  126  10:56  Pylon  
  122  11:09  Void Ray x2  
  122  11:10  Pylon  
  122  11:11  Void Ray  
  120  11:12  Shield Battery  
  120  11:13  Void Ray  
  120  11:14  Shield Battery  
  120  11:17  Photon Cannon  
  118  11:20  Void Ray, Photon Cannon  
  118  11:21  Photon Cannon  
  118  11:25  Shield Battery  
  134  11:27  Shield Battery  
  134  11:30  Pylon  
  108  11:45  Zealot x3  
  108  11:46  Zealot x2  
  118  11:53  Void Ray  
  118  11:54  Void Ray, Gateway  
  118  11:58  Void Ray  
  130  12:17  Void Ray  
  130  12:18  Void Ray  
  130  12:19  Fleet Beacon  
  138  12:47  High Templar x5  
  138  12:48  High Templar x2  
  152  12:53  Archon x3  
  152  12:57  Zealot x4  
  160  13:00  Void Ray x2  
  168  13:25  Nexus  
  164  13:28  Pylon  
  164  13:31  Assimilator  
  162  13:35  High Templar  
  162  13:36  Assimilator, High Templar x2  
  162  13:38  Zealot x2  
  170  13:41  Archon  
Show
View Real Time Build Order
Export as new Build Order

Mesrob Protoss - Winner!

Build Orders:  

Get SALT Encoding   

  12  0:00  SCV  
  13  0:13  SCV  
  14  0:19  Supply Depot  
  14  0:27  SCV  
  15  0:33  Refinery  
  15  0:41  SCV  
  16  0:45  Barracks  
  16  0:53  SCV  
  17  1:05  SCV  
  18  1:26  SCV  
  19  1:38  Command Center  
  19  1:45  Reaper  
  20  1:58  Orbital Command  
  19  2:04  Refinery  
  18  2:22  Reaper  
  19  2:25  Factory  
  19  2:34  SCV  
  20  2:46  SCV  
  21  2:54  Supply Depot  
  21  2:58  SCV, Barracks Reactor  
  22  3:13  Starport  
  22  3:18  Engineering Bay  
  22  3:21  Orbital Command  
  22  3:24  SCV  
  23  3:36  SCV  
  23  3:39  Supply Depot  
  24  3:48  SCV, Armory  
  25  3:53  Hellion, Barracks Tech Lab  
  27  3:57  Hellion  
  27  4:00  SCV x2  
  31  4:18  Fusion Core  
  31  4:26  Hellion x2  
  35  4:35  Barracks Tech Lab  
  35  4:40  SCV  
  35  4:42  Supply Depot  
  36  4:49  SCV  
  36  4:52  SCV  
  38  5:01  SCV  
  38  5:04  SCV  
  38  5:13  SCV  
  37  5:16  SCV  
  37  5:18  Starport  
  38  5:25  SCV  
  39  5:28  Refinery  
  39  5:29  Refinery, SCV  
  39  5:37  SCV  
  39  5:39  Barracks Reactor  
  39  5:41  SCV  
  38  5:43  Hellbat x2, Battlecruiser  
  38  5:49  SCV  
  47  5:53  SCV  
  41  6:05  SCV  
  38  6:17  Marine, SCV  
  38  6:18  Marine  
  39  6:21  Hellbat x2  
  43  6:29  SCV  
  39  6:35  Marine  
  39  6:36  Marine  
  37  6:40  Command Center, SCV  
  37  6:41  SCV  
  37  6:51  Weapon Refit  
  37  6:52  SCV  
  37  6:53  Marine, SCV  
  35  7:04  SCV  
  35  7:06  SCV  
  36  7:15  Battlecruiser  
  42  7:16  SCV  
  42  7:19  Marine x2  
  45  7:36  Marine  
  40  7:44  Hellbat x2  
  40  7:47  SCV  
  45  7:59  SCV  
  45  8:01  Planetary Fortress  
  46  8:06  Hellbat x2  
  46  8:11  Marine x2, SCV  
  53  8:23  Viking  
  53  8:24  Viking, SCV  
  58  8:28  Marine  
  58  8:29  Marine  
  58  8:32  SCV  
  61  8:36  SCV  
  58  8:44  SCV  
  58  8:46  Marine  
  58  8:47  Marine  
  41  9:05  Marine, Battlecruiser  
  48  9:11  SCV  
  48  9:14  SCV  
  50  9:18  Refinery  
  50  9:23  SCV x2  
  52  9:26  SCV  
  53  9:34  Terran Ship Weapons Level 1  
  53  9:35  SCV x2  
  53  9:36  Marine x2  
  53  9:38  Hellbat x2, SCV  
  62  9:42  Refinery  
  62  9:50  SCV, Battlecruiser  
  69  9:55  SCV  
  69  9:57  Supply Depot  
  70  10:01  SCV  
  70  10:02  SCV  
  72  10:07  SCV  
  72  10:14  SCV x2  
  74  10:18  Marine  
  74  10:19  Marine, SCV  
  74  10:20  Supply Depot  
  74  10:21  Supply Depot  
  78  10:23  Hellion  
  78  10:25  Hellion  
  78  10:26  SCV  
  83  10:31  SCV  
  84  10:36  Marine  
  84  10:42  SCV  
  86  10:46  Marine  
  87  10:54  Marine  
  87  10:55  Terran Infantry Weapons Level 1  
  82  11:04  Starport, Marine  
  83  11:12  Marine  
  83  11:17  Battlecruiser x2  
  90  11:22  Marine  
  80  11:34  Marine  
  80  11:38  Hellion  
  81  11:40  Marine  
  81  11:43  SCV  
  83  11:50  SCV x2  
  83  11:51  Marine  
  86  11:55  SCV  
  86  11:58  Marine  
  88  12:02  Command Center, SCV  
  88  12:06  Supply Depot  
  88  12:07  SCV  
  88  12:08  Starport Tech Lab  
  90  12:09  Marine  
  91  12:16  SCV  
  91  12:17  SCV  
  91  12:19  SCV  
  91  12:21  Battlecruiser  
  100  12:27  Supply Depot  
  100  12:28  SCV, Battlecruiser  
  107  12:35  Viking  
  109  12:46  Factory  
  109  12:49  Marine x2, Hellbat x2  
  109  12:50  Supply Depot  
  115  12:55  Supply Depot  
  115  12:59  Supply Depot  
  115  13:04  SCV  
  116  13:06  Supply Depot  
  116  13:08  SCV  
  116  13:11  Viking  
  116  13:12  SCV  
  120  13:14  Marine x2  
  120  13:16  Refinery, SCV  
  123  13:20  SCV  
  123  13:22  Hellbat x2  
  121  13:28  SCV  
  121  13:32  Marine x2  
  73  13:42  Refinery  
Show
View Real Time Build Order
Export as new Build Order

WalriLord Terran 

Build Orders:  

Get SALT Encoding   

Tags
 
Add a new tag
Caveats
  • Supply blocks, unpowered buildings, or Contaminate may cause inaccurate times.
  • Supply counts are checked every 10 seconds.